 Dungeon Crawl Stone Soup version 0.24-a0-416-g56ce5178b7 (webtiles) character file.

Game seed: 17734707228539222516

2468 kidcy the Spear-Bearer (level 9, -1/71 HPs)
             Began as a Merfolk Gladiator on June 9, 2019.
             Was a Follower of Makhleb.
             Slain by an orc warrior
             ... wielding a +0 hand axe
              (6 damage)
             ... on level 6 of the Dungeon.
             The game lasted 00:13:00 (7233 turns).

kidcy the Spear-Bearer (Merfolk Gladiator)          Turns: 7233, Time: 00:13:00

Health: -1/71      AC: 10    Str: 18    XL:     9   Next: 51%
Magic:  11/11      EV: 15    Int:  7    God:    Makhleb [*.....]
Gold:   315        SH:  0    Dex: 15    Spells: 8/8 levels left

rFire    . . .     SeeInvis .   a - +0 trident
rCold    . . .     Gourm    .   (no shield)
rNeg     . . .     Faith    .   H - +3 ring mail
rPois    .         Spirit   .   c - +0 helmet
rElec    .         Reflect  .   (no cloak)
rCorr    .         Harm     .   m - +0 pair of gloves
MR       .....                  (no boots)
Stlth    ++........             (no amulet)
HPRegen  0.21/turn              t - ring of stealth
MPRegen  0.12/turn              (no ring)

@: no status effects
A: change form in water, swift swim, stealthy swim
a: Renounce Religion


You were on level 6 of the Dungeon.
You worshipped Makhleb.
Makhleb was aware of your devotion.
You were not hungry.

You visited 1 branch of the dungeon, and saw 6 of its levels.

You collected 315 gold pieces.

Inventory:

Hand Weapons
 a - a +0 trident (weapon)
 w - a +0 glaive
 B - a +0 halberd
Missiles
 h - 20 poisoned darts (quivered)
Armour
 b - a +0 ring mail of magic resistance
 c - a +0 helmet (worn)
 f - a +0 shield
 m - a +0 pair of gloves (worn)
 H - a +3 ring mail (worn)
Jewellery
 t - a ring of stealth (left hand)
 y - an uncursed ring of resist corrosion {unknown}
 C - a +1 ring of protection {unknown}
 E - an uncursed ring of flight {unknown}
Wands
 d - a wand of random effects (12)
 u - a wand of polymorph (10)
 D - a wand of digging (4)
 G - a wand of acid (7)
Scrolls
 g - a scroll of enchant armour {unknown}
 j - 4 scrolls of teleportation {unknown}
 k - 3 scrolls of identify {unknown}
 l - 4 scrolls of remove curse {unknown}
 n - 3 scrolls of blinking {unknown}
 q - 2 scrolls of magic mapping {unknown}
 r - a scroll of fog {unknown}
 s - 2 scrolls of noise {unknown}
 v - a scroll of immolation {unknown}
 F - a scroll of random uselessness {unknown}
Potions
 e - a potion of cancellation
 i - a potion of degeneration {unknown}
 p - a potion of brilliance
 x - a potion of agility {unknown}
 z - 2 potions of curing {unknown}
 A - 2 potions of mutation {unknown}
 I - 2 potions of heal wounds {unknown}
Comestibles
 o - 6 rations


   Skills:
 + Level 6.9 Fighting
 * Level 12.6 Polearms
 - Level 2.0 Throwing
 + Level 2.0 Armour
 - Level 7.8 Dodging
 + Level 3.2 Invocations


You had 8 spell levels left.
You didn't know any spells.
Your spell library contained the following spells:

 Spells                   Type           Power        Failure   Level  Hunger
 Animate Skeleton         Necr           N/A          63%         1    ##.....
 Apportation              Tloc           #.....       63%         1    ##.....
 Confusing Touch          Hex            #.....       63%         1    ##.....
 Magic Dart               Conj           #...         63%         1    ##.....
 Pain                     Necr           #...         63%         1    ##.....
 Summon Small Mammal      Summ           #...         63%         1    ##.....
 Searing Ray              Conj           #.....       77%         2    ###....
 Dazzling Spray           Conj/Hex       #.....       94%         3    ####...
 Regeneration             Chrm/Necr      #.........   94%         3    ####...
 Vampiric Draining        Necr           #.........   94%         3    ####...
 Animate Dead             Necr           N/A          100%        4    #####..
 Force Lance              Conj/Tloc      #.......     100%        4    #####..
 Fulminant Prism          Conj/Hex       #.........   100%        4    #####..
 Iskenderun's Mystic Bla  Conj           #.......     100%        4    #####..


Dungeon Overview and Level Annotations

Branches:
Dungeon (6/15)             Temple (0/1) D:5

Altars:
Cheibriados
Hepliaklqana
Makhleb
Trog
Vehumet
The Shining One


Message History

You hit the orc warrior.
The orc warrior is severely wounded.
The orc warrior closely misses you.
You hit the orc warrior.
The orc warrior is severely wounded.
The orc warrior hits you with a +0 hand axe!
* * * LOW HITPOINT WARNING * * *
You closely miss the orc warrior.
The orc warrior is severely wounded.
It was a potion of brilliance.
You feel clever all of a sudden.
The orc warrior looks more healthy.
The orc warrior hits you with a +0 hand axe!
* * * LOW HITPOINT WARNING * * *
It was a potion of cancellation.
Your magical effects are unravelling.
You feel magically purged.
You feel a little less clever now.
The orc warrior hits you with a +0 hand axe.
You die...

#......# #.#
#.......#.#.#####..
#)####.# #.#
#.......#.#.##..... ..#
#<# #.#
#.8...8.#...##.##.. #<#
#.# #.#
#.)o..o.#.####.###.
#.####.# #.# ##.....##.#
#.....
)....).####.####8o..8##.#
#####.
..............###{.{#####
## #.###.......#.####)##
#.# #########...@oo# ###
########


You could see an orc warrior and an orc.

Vanquished Creatures
  A hippogriff (D:4)
  Eustachio (D:5)
  4 orc warriors (D:6)
  An ice beast (D:5)
  A phantom (D:4)
  3 ogres
  3 centaurs
  A scorpion (D:6)
  A water moccasin skeleton (D:5)
  4 crimson imps
  A centaur zombie (D:5)
  2 hounds
  2 bullfrog skeletons
  3 orc priests (D:6)
  A gnoll shaman (D:4)
  5 orc wizards
  2 iguanas (D:5)
  2 worker ants (D:4)
  A worker ant zombie (D:5)
  10 gnolls
  7 adders
  3 oozes
  2 adder skeletons
  6 worms
  2 dart slugs (D:2)
  7 leopard geckos
  32 orcs
  7 giant cockroaches
  7 hobgoblins
  9 jackals
  10 kobolds
  2 quokkas (D:3)
  A ball python (D:5)
  12 bats
  4 frilled lizards
  7 goblins
  A leopard gecko skeleton (D:4)
  7 rats
175 creatures vanquished.

Notes
Turn   | Place    | Note
-------+----------+-------------------------------------------
     0 | D:1      | kidcy the Merfolk Gladiator began the quest for the Orb.
     0 | D:1      | Reached XP level 1. HP: 16/16 MP: 1/1
   259 | D:1      | Reached XP level 2. HP: 23/23 MP: 2/2
   279 | D:1      | Reached skill level 5 in Polearms
   633 | D:1      | Reached XP level 3. HP: 28/28 MP: 3/3
  1605 | D:2      | Reached skill level 6 in Polearms
  1605 | D:2      | Reached XP level 4. HP: 34/35 MP: 4/4
  1980 | D:3      | Reached skill level 5 in Dodging
  1981 | D:3      | Reached XP level 5. HP: 41/41 MP: 5/5
  2244 | D:3      | Reached skill level 7 in Polearms
  2299 | D:3      | Found a snail-covered altar of Cheibriados.
  2764 | D:3      | Reached XP level 6. HP: 46/48 MP: 6/6
  3116 | D:4      | Noticed a hippogriff
  3129 | D:4      | Killed a hippogriff
  3129 | D:4      | Reached skill level 8 in Polearms
  3129 | D:4      | Reached XP level 7. HP: 43/55 MP: 7/7
  3449 | D:4      | Found a glowing golden altar of the Shining One.
  3497 | D:4      | Reached skill level 9 in Polearms
  4605 | D:4      | Found a radiant altar of Vehumet.
  4626 | D:4      | Reached skill level 5 in Fighting
  4662 | D:5      | Entered Level 5 of the Dungeon
  4721 | D:5      | Found a hazy altar of Hepliaklqana.
  4722 | D:5      | Noticed Eustachio
  4742 | D:5      | Killed Eustachio
  4742 | D:5      | Reached skill level 10 in Polearms
  4742 | D:5      | Reached XP level 8. HP: 49/63 MP: 8/8
  5131 | D:5      | Found a burning altar of Makhleb.
  5141 | D:5      | Reached skill level 11 in Polearms
  5147 | D:5      | Became a worshipper of Makhleb the Destroyer
  5467 | D:5      | Found a bloodstained altar of Trog.
  5592 | D:5      | Found a staircase to the Ecumenical Temple.
  5812 | D:6      | Found a runed translucent door.
  5905 | D:6      | Reached skill level 1 in Invocations
  6090 | D:6      | Reached skill level 1 in Armour
  6090 | D:6      | Reached XP level 9. HP: 67/70 MP: 10/10
  6456 | D:6      | Reached skill level 12 in Polearms
  6848 | D:6      | Reached * piety under Makhleb
  7233 | D:6      | Slain by an orc warrior

Levels and vault maps discovered:
D:1:      minmay_arrival_wavy_path, layout_basic
D:2:      minmay_spotlight, layout_rooms
D:3:      layout_basic, cheibriados_altar_1, minivault_5
D:4:      layout_loops_ring, nicolae_overflow_crystal_walls,
          lemuel_coloured_pillars_altar, first_ration
D:5:      layout_loops_ring, overflow_temple_1_default, kennysheep_little_box,
          makhleb_heckhound_becter, minmay_temple_entry_drinking_statues,
          uniq_eustachio
D:6:      layout_basic, lightli_church_of_beogh

Skill      XL: |  1  2  3  4  5  6  7  8  9 |
---------------+----------------------------+-----
Polearms       | 5 6 7 8 10 11 12 | 12.6
Fighting       | 3 4 5 6 |  6.9
Dodging        | 5 6 7 |  7.8
Invocations    | 1 3 |  3.2
Armour         | 1 2 |  2.0
Throwing       | |  2.0

Action                   |  1- 3 |  4- 6 |  7- 9 || total
-------------------------+-------+-------+-------++-------
Melee: Trident           |   157 |   176 |   443 ||   776
Throw: Throwing net      |     2 |       |     2 ||     4
       Dart              |     1 |    11 |    45 ||    57
  Use: Potion            |       |       |     2 ||     2
 Stab: Sleeping          |       |     8 |     3 ||    11
       Distracted        |       |     1 |     1 ||     2
  Eat: Chunk             |     1 |     2 |     6 ||     9
       Ration            |     1 |       |     3 ||     4
Armor: Leather armour    |    31 |     1 |       ||    32
       Ring mail         |       |    33 |    78 ||   111
Dodge: Dodged            |    96 |    89 |   274 ||   459

Table legend:
 A = Non-vault XP
 B = Vault XP
 C = Vault XP percentage of total XP
 D = Non-vault monster count
 E = Vault monster count
 F = Vault count percentage of total count
                 A         B        C        D         E       F
            +---------+---------+-------+---------+---------+-------
      Total |    2571 |     956 |  27.1 |     148 |      27 |  15.4
            +---------+---------+-------+---------+---------+-------
        D:1 |      43 |       0 |   0.0 |      27 |       0 |   0.0
        D:2 |     125 |       5 |   3.8 |      20 |       3 |  13.0
        D:3 |     182 |       0 |   0.0 |      33 |       0 |   0.0
        D:4 |     783 |       0 |   0.0 |      26 |       0 |   0.0
        D:5 |     794 |     242 |  23.4 |      21 |       3 |  12.5
        D:6 |     644 |     709 |  52.4 |      21 |      21 |  50.0
            +---------+---------+-------+---------+---------+-------
